Map: [ESL] Alcyone

Players

Nice - Winner!

  • Race: Protoss Protoss
  • Spawn Location: 7:00

Cyan

  • Race: Protoss Protoss
  • Spawn Location: 1:00

Event: ESL SC2 Masters 2024 Spring (Regional)

VOD

Have the link to the VOD?

Description

Time

  • Played on: April 20, 2024, 8:11 a.m.
  • Length: 6:24

All games in this series

Show
View Real Time Build Order
Export as new Build Order

Nice Protoss - Winner!

Build Orders: Oracle Opening 

Get SALT Encoding   

  12  0:00  Probe  
  13  0:12  Probe  
  14  0:17  Pylon  
  14  0:24  Probe (Chrono Boost)  
  15  0:35  Probe (Chrono Boost)  
  16  0:36  Gateway  
  16  0:41  Probe  
  16  0:45  Assimilator  
  17  0:53  Probe  
  17  0:55  Assimilator  
  18  1:05  Probe (Chrono Boost)  
  18  1:06  Gateway  
  19  1:17  Probe (Chrono Boost)  
  20  1:22  Probe (Chrono Boost)  
  21  1:25  Cybernetics Core  
  21  1:32  Probe  
  22  1:36  Pylon  
  22  1:44  Probe  
  22  1:46  Pylon  
  23  2:04  Stalker x2  
  23  2:07  Warp Gate  
  27  2:09  Pylon  
  27  2:10  Probe  
  28  2:22  Pylon  
  28  2:29  Stargate  
  28  2:36  Stalker  
  30  2:42  Stalker  
  32  2:46  Probe  
  33  3:11  Oracle (Chrono Boost)  
  33  3:18  Nexus  
  36  3:26  Pylon  
  36  3:28  Probe  
  37  3:44  Oracle (Chrono Boost)  
  37  3:48  Probe  
  41  3:52  Shield Battery  
  41  4:00  Probe  
  46  4:18  Gateway  
  46  4:19  Void Ray (Chrono Boost)  
  46  4:33  Sentry, Stalker  
  49  4:45  Shield Battery  
  49  4:47  Shield Battery  
  49  4:58  Zealot x2  
  57  5:10  Void Ray (Chrono Boost)  
  57  5:19  Stalker x2  
  61  5:27  Pylon  
  61  5:33  Zealot  
  59  5:45  Stalker x2  
  63  5:56  Zealot  
  61  6:08  Stalker  
  61  6:09  Stalker  
Show
View Real Time Build Order
Export as new Build Order

Cyan Protoss 

Build Orders:  

Get SALT Encoding   

  12  0:00  Probe  
  13  0:12  Probe  
  14  0:17  Pylon  
  14  0:24  Probe (Chrono Boost)  
  15  0:36  Probe (Chrono Boost)  
  15  0:37  Gateway  
  16  0:44  Probe (Chrono Boost)  
  16  0:45  Assimilator  
  17  0:51  Probe  
  17  0:56  Assimilator  
  18  1:03  Probe (Chrono Boost)  
  19  1:07  Gateway  
  19  1:12  Probe (Chrono Boost)  
  19  1:17  Probe (Chrono Boost)  
  21  1:25  Cybernetics Core  
  21  1:29  Probe  
  22  1:34  Pylon  
  22  1:41  Probe  
  23  1:53  Probe  
  24  2:03  Warp Gate, Stalker x2  
  24  2:06  Probe  
  29  2:09  Pylon  
  29  2:17  Shield Battery  
  29  2:26  Robotics Facility  
  29  2:33  Stalker  
  29  2:36  Stalker  
  33  3:04  Stalker  
  33  3:06  Stalker  
  33  3:10  Immortal (Chrono Boost)  
  35  3:16  Pylon  
  39  3:26  Gateway  
  39  3:42  Immortal (Chrono Boost)  
  43  3:52  Pylon  
  43  3:53  Sentry  
  45  4:06  Pylon  
  45  4:12  Warp Prism (Chrono Boost)  
  47  4:21  Sentry  
  49  4:34  Pylon  
  49  4:40  Observer (Chrono Boost)  
  49  4:45  Stalker x2  
  54  5:00  Shield Battery  
  54  5:05  Stalker  
  56  5:09  Stalker x2  
  44  5:43  Stalker  
  44  5:45  Stalker  
  46  6:02  Stalker  
Tags
 
Add a new tag
Caveats
  • Supply blocks, unpowered buildings, or Contaminate may cause inaccurate times.
  • Supply counts are checked every 10 seconds.